Connexion

VANCOUVER Canucks vs COLORADO Avalanche

Created - 10 décembre 2023 at 07:55

Goals
1 2 3 T
VANCOUVER Canucks 1 2 1 4
COLORADO Avalanche 3 0 0 3
Shots
1 2 3 T
VANCOUVER Canucks 5 12 11 28
COLORADO Avalanche 20 10 13 43

GoalsPenalties
1st period
1. COLORADO Avalanche , Anze Kopitar 14 (Oliver Kylington 22, Mark Pysyk 21) at 11:21
2. VANCOUVER Canucks , Nate Schmidt 12 (Travis Hamonic 26, Matt Duchene 30) at 15:52
3. COLORADO Avalanche , Artemi Panarin 15 (Alexander Wennberg 19) at 18:01
4. COLORADO Avalanche , Anze Kopitar 15 (Noah Dobson 16, Brenden Dillon 10) at 19:39
Ryan Pulock (VAN) for Tripping (Minor) at 3:06
2nd period
5. VANCOUVER Canucks , Jack Eichel 25 (Matt Duchene 31, Vladimir Tarasenko 17) at 10:32
6. VANCOUVER Canucks , Ben Chiarot 3 (Jack Eichel 39, Matt Duchene 32) at 15:14
No Penalty
3rd period
7. VANCOUVER Canucks , Ryan Dzingel 12 (Joel Eriksson EK 17, Ryan Pulock 24) at 13:45
Brenden Dillon (COL) for Slashing (Double Minor) at 3:04
Joel Eriksson EK (VAN) for Tripping (Minor) at 14:40
Goalie Stats
Jeremy Swayman (VAN), 40 saves from 43 shots - (0,930), W, 13-14-1, 60:00 minutes
Braden Holtby (COL), 24 saves from 28 shots - (0,857), L, 19-17-2, 59:34 minutes
3 StarsOfficial
1 - Matt Duchene (VAN)
2 - Jack Eichel (VAN)
3 - Anze Kopitar (COL)
Referees : Chris Ciamaga and Paul Devorski
Linesman : David Brisebois and Pierre Racicot
Game Note
No Game Note
Finance
Level 1 -- Attendance: 6000 (100,00%) -- Ticket Income $600,000
Level 2 -- Attendance: 5007 (100,00%) -- Ticket Income $400,560
Level 3 -- Attendance: 1462 (73,10%) -- Ticket Income $102,340
Level 4 -- Attendance: 3100 (77,50%) -- Ticket Income $124,000
Luxury Box -- Attendance: 465 (46,50%) -- Ticket Income $232,500
Game was played at the Pepsi Center.
Total Attendance: 16034 (89,04%)
Total Ticket Income: $1,459,400
Other Income: $291,880
Total Income: $1,751,280



Team Name Goals Shots Shots Attemp Shots Blocked PIM HIT PP PK FO%
VANCOUVER Canucks 4286574140 / 2 (0%)042%
COLORADO Avalanche 34367124200 / 2 (0%)058%

VANCOUVER Canucks
Player Name POS G A P +/- PIM HIT SHT SB MP PP MP PP SHT PK MP PK SHT FO% FOT
Ben ChiarotD1011012020:302:1001:4700% 0
Casey MittelstadtC000-1000017:462:1000:00052% 25
Devin ShoreC/LW/RW000-1001210:130:0000:0000% 0
Jack EichelC1123003022:081:4900:00046% 26
Janne KuokkanenLW000-1004011:150:0001:0200% 2
Joel Eriksson EKC/LW/RW011-1231019:192:1010:43033% 3
Logan ShawC/RW000001107:080:0002:040100% 1
Matt DucheneC/LW0333012023:121:4900:1300% 4
Mattias EkholmD0001000014:220:0000:0000% 0
Michael RasmussenC000-1030111:000:1800:29038% 21
Nate SchmidtD101-1012025:081:4902:1100% 0
Ryan DzingelC/LW/RW101-1002017:281:5200:0000% 1
Ryan PulockD0111232019:382:1010:5600% 0
Tobias BjornfotD0001000115:130:0000:5100% 0
Tomas NosekC/LW000000117:020:0001:58033% 3
Travis HamonicD011-1004225:081:4922:1100% 0
Tyler AngleC000000005:040:0000:00030% 10
Vladimir TarasenkoRW0113013024:261:4901:270100% 2
COLORADO Avalanche
Player Name POS G A P +/- PIM HIT SHT SB MP PP MP PP SHT PK MP PK SHT FO% FOT
Adam RuzickaC000000000:000:0000:0000% 0
Alexander WennbergC0110018020:052:0931:01063% 27
Anthony ManthaLW/RW000-2024020:221:4900:00050% 2
Anze KopitarC2021006113:050:0000:00061% 18
Artemi PanarinLW1010035020:052:0911:01025% 4
Brenden DillonD0112412113:240:0000:0000% 0
Christian DjoosD000-3000426:421:5002:2300% 0
Claude GirouxC/LW/RW000-2001022:561:4902:34061% 31
Glenn GawdinC/LW000000003:300:0000:0000% 0
Jeff Petry D000-3012126:421:5002:2300% 0
Johnny GaudreauLW000-2037026:261:4902:34063% 8
Mark PysykD0110032319:532:0801:3600% 0
Martin FrkRW0000012019:042:0900:0000% 2
Maxime ComtoisLW0001001013:290:0000:2400% 0
Noah DobsonD0112000013:250:0000:0000% 0
Oliver KylingtonD0110010219:532:0801:3600% 0
Philip TomasinoC000000003:540:0000:24040% 5
Sebastien ReppoRW0001043013:050:0000:000100% 1



Play-by-Play

1st period


0:01 of 1st period - Claude Giroux wins face-off versus Jack Eichel in neutral zone.
0:31 of 1st period - Shot by Matt Duchene.
0:31 of 1st period - Shot Blocked by Christian Djoos.
0:33 of 1st period - Shot by Nate Schmidt.
0:33 of 1st period - Shot Misses the Net.
0:39 of 1st period - Shot by Travis Hamonic.
0:39 of 1st period - Stopped by Braden Holtby without a rebound.
0:40 of 1st period - Artemi Panarin wins face-off versus Casey Mittelstadt in COLORADO Avalanche zone.
0:45 of 1st period - Shot by Oliver Kylington.
0:45 of 1st period - Shot Misses the Net.
0:55 of 1st period - Shot by Casey Mittelstadt.
0:55 of 1st period - Shot Misses the Net.
0:57 of 1st period - Shot by Ryan Pulock.
0:57 of 1st period - Shot Misses the Net.
1:01 of 1st period - Shot by Joel Eriksson EK.
1:01 of 1st period - Shot Misses the Net.
1:03 of 1st period - Shot by Ryan Dzingel.
1:03 of 1st period - Shot Blocked by Mark Pysyk.
1:15 of 1st period - Shot by Casey Mittelstadt.
1:15 of 1st period - Shot Misses the Net.
1:23 of 1st period - Shot by Ryan Dzingel.
1:23 of 1st period - Stopped by Braden Holtby without a rebound.
1:24 of 1st period - Anze Kopitar wins face-off versus Michael Rasmussen in COLORADO Avalanche zone.
2:01 of 1st period - Shot by Maxime Comtois.
2:01 of 1st period - Shot Blocked by Michael Rasmussen.
2:03 of 1st period - Shot by Brenden Dillon.
2:03 of 1st period - Stopped by Jeremy Swayman without a rebound.
2:04 of 1st period - Philip Tomasino wins face-off versus Tyler Angle in VANCOUVER Canucks zone.
2:07 of 1st period - Shot by Johnny Gaudreau.
2:07 of 1st period - Stopped by Jeremy Swayman with a rebound.
2:31 of 1st period - Shot by Johnny Gaudreau.
2:31 of 1st period - Stopped by Jeremy Swayman without a rebound.
2:32 of 1st period - Jack Eichel wins face-off versus Martin Frk in VANCOUVER Canucks zone.
2:53 of 1st period - Shot by Vladimir Tarasenko.
2:53 of 1st period - Shot Misses the Net.
3:06 of 1st period - Minor Penalty to Ryan Pulock for Tripping.
3:07 of 1st period - Claude Giroux wins face-off versus Tomas Nosek in VANCOUVER Canucks zone.
3:23 of 1st period - Icing by Christian Djoos.
3:24 of 1st period - Logan Shaw wins face-off versus Claude Giroux in COLORADO Avalanche zone.
4:05 of 1st period - Off-side.
4:06 of 1st period - Alexander Wennberg wins face-off versus Tomas Nosek in neutral zone.
4:29 of 1st period - Shot by Alexander Wennberg.
4:29 of 1st period - Deflect By Artemi Panarin.
4:29 of 1st period - Stopped by Jeremy Swayman without a rebound.
4:30 of 1st period - Alexander Wennberg wins face-off versus Joel Eriksson EK in VANCOUVER Canucks zone.
4:37 of 1st period - Shot by Alexander Wennberg.
4:37 of 1st period - Shot Misses the Net.
5:07 of 1st period - Christian Djoos is hit by Michael Rasmussen and loses puck.
5:14 of 1st period - Shot by Anthony Mantha.
5:14 of 1st period - Stopped by Jeremy Swayman without a rebound.
5:15 of 1st period - Claude Giroux wins face-off versus Michael Rasmussen in VANCOUVER Canucks zone.
6:41 of 1st period - Shot by Sebastien Reppo.
6:41 of 1st period - Stopped by Jeremy Swayman without a rebound.
6:42 of 1st period - Alexander Wennberg wins face-off versus Casey Mittelstadt in VANCOUVER Canucks zone.
7:34 of 1st period - Icing by Oliver Kylington.
7:35 of 1st period - Alexander Wennberg wins face-off versus Jack Eichel in COLORADO Avalanche zone.
8:15 of 1st period - Icing by Oliver Kylington.
8:16 of 1st period - Alexander Wennberg wins face-off versus Tyler Angle in COLORADO Avalanche zone.
8:16 of 1st period - Alexander Wennberg is hit by Logan Shaw.
8:39 of 1st period - Johnny Gaudreau is hit by Ryan Pulock and loses puck.
9:53 of 1st period - Shot by Sebastien Reppo.
9:53 of 1st period - Shot Blocked by Tobias Bjornfot.
9:55 of 1st period - Shot by Maxime Comtois.
9:55 of 1st period - Shot Misses the Net.
9:57 of 1st period - Shot by Brenden Dillon.
9:57 of 1st period - Stopped by Jeremy Swayman with a rebound.
9:59 of 1st period - Shot by Sebastien Reppo.
9:59 of 1st period - Stopped by Jeremy Swayman without a rebound.
10:00 of 1st period - Jack Eichel wins face-off versus Philip Tomasino in VANCOUVER Canucks zone.
11:21 of 1st period - Shot by Anze Kopitar.
11:21 of 1st period - Goal by Anze Kopitar - VANCOUVER Canucks : 0 - COLORADO Avalanche : 1.
11:22 of 1st period - Anze Kopitar wins face-off versus Casey Mittelstadt in neutral zone.
11:41 of 1st period - Ryan Dzingel is hit by Sebastien Reppo.
11:49 of 1st period - Shot by Oliver Kylington.
11:49 of 1st period - Shot Misses the Net.
11:54 of 1st period - Icing by Joel Eriksson EK.
11:55 of 1st period - Joel Eriksson EK wins face-off versus Claude Giroux in VANCOUVER Canucks zone.
11:55 of 1st period - Joel Eriksson EK is hit by Anthony Mantha.
12:06 of 1st period - Joel Eriksson EK is hit by Jeff Petry .
12:30 of 1st period - Shot by Jeff Petry .
12:30 of 1st period - Stopped by Jeremy Swayman without a rebound.
12:31 of 1st period - Alexander Wennberg wins face-off versus Jack Eichel in VANCOUVER Canucks zone.
13:08 of 1st period - Icing by Artemi Panarin.
13:09 of 1st period - Alexander Wennberg wins face-off versus Michael Rasmussen in COLORADO Avalanche zone.
14:04 of 1st period - Shot by Johnny Gaudreau.
14:04 of 1st period - Shot Blocked by Devin Shore.
14:06 of 1st period - Shot by Anthony Mantha.
14:06 of 1st period - Shot Blocked by Devin Shore.
14:10 of 1st period - Shot by Anthony Mantha.
14:10 of 1st period - Stopped by Jeremy Swayman without a rebound.
14:11 of 1st period - Jack Eichel wins face-off versus Anze Kopitar in VANCOUVER Canucks zone.
14:27 of 1st period - Ryan Pulock is hit by Sebastien Reppo and loses puck.
14:35 of 1st period - Shot by Jack Eichel.
14:35 of 1st period - Stopped by Braden Holtby with a rebound.
14:40 of 1st period - Jack Eichel is hit by Oliver Kylington and loses puck.
14:43 of 1st period - Shot by Matt Duchene.
14:43 of 1st period - Deflect By Vladimir Tarasenko.
14:43 of 1st period - Stopped by Braden Holtby without a rebound.
14:44 of 1st period - Casey Mittelstadt wins face-off versus Alexander Wennberg in COLORADO Avalanche zone.
14:59 of 1st period - Shot by Artemi Panarin.
14:59 of 1st period - Shot Misses the Net.
15:01 of 1st period - Shot by Alexander Wennberg.
15:01 of 1st period - Stopped by Jeremy Swayman with a rebound.
15:03 of 1st period - Shot by Artemi Panarin.
15:03 of 1st period - Stopped by Jeremy Swayman with a rebound.
15:11 of 1st period - Shot by Alexander Wennberg.
15:11 of 1st period - Stopped by Jeremy Swayman without a rebound.
15:12 of 1st period - Johnny Gaudreau wins face-off versus Matt Duchene in VANCOUVER Canucks zone.
15:15 of 1st period - Shot by Claude Giroux.
15:15 of 1st period - Stopped by Jeremy Swayman with a rebound.
15:21 of 1st period - Shot by Anthony Mantha.
15:21 of 1st period - Stopped by Jeremy Swayman without a rebound.
15:22 of 1st period - Jack Eichel wins face-off versus Claude Giroux in VANCOUVER Canucks zone.
15:22 of 1st period - Travis Hamonic is hit by Johnny Gaudreau and loses puck.
15:52 of 1st period - Shot by Nate Schmidt.
15:52 of 1st period - Goal by Nate Schmidt - VANCOUVER Canucks : 1 - COLORADO Avalanche : 1.
15:53 of 1st period - Anze Kopitar wins face-off versus Casey Mittelstadt in neutral zone.
16:14 of 1st period - Oliver Kylington is hit by Joel Eriksson EK and loses puck.
16:52 of 1st period - Icing by Anze Kopitar.
16:53 of 1st period - Anze Kopitar wins face-off versus Tyler Angle in COLORADO Avalanche zone.
17:05 of 1st period - Off-side.
17:06 of 1st period - Jack Eichel wins face-off versus Claude Giroux in neutral zone.
17:43 of 1st period - Shot by Johnny Gaudreau.
17:43 of 1st period - Stopped by Jeremy Swayman without a rebound.
17:44 of 1st period - Alexander Wennberg wins face-off versus Joel Eriksson EK in VANCOUVER Canucks zone.
17:47 of 1st period - Shot by Artemi Panarin.
17:47 of 1st period - Stopped by Jeremy Swayman without a rebound.
17:48 of 1st period - Alexander Wennberg wins face-off versus Ryan Dzingel in VANCOUVER Canucks zone.
18:01 of 1st period - Shot by Artemi Panarin.
18:01 of 1st period - Goal by Artemi Panarin - VANCOUVER Canucks : 1 - COLORADO Avalanche : 2.
18:02 of 1st period - Anthony Mantha wins face-off versus Jack Eichel in neutral zone.
19:05 of 1st period - Icing by Ryan Pulock.
19:06 of 1st period - Jack Eichel wins face-off versus Anze Kopitar in VANCOUVER Canucks zone.
19:39 of 1st period - Shot by Anze Kopitar.
19:39 of 1st period - Goal by Anze Kopitar - VANCOUVER Canucks : 1 - COLORADO Avalanche : 3.
19:40 of 1st period - Michael Rasmussen wins face-off versus Alexander Wennberg in neutral zone.
19:54 of 1st period - Off-side.
19:55 of 1st period - Claude Giroux wins face-off versus Tyler Angle in neutral zone.
Goals for this period are 1 for VANCOUVER Canucks vs 3 for COLORADO Avalanche .
Shots for this period are 5 for VANCOUVER Canucks vs 20 for COLORADO Avalanche .

2nd period


0:01 of 2nd period - Casey Mittelstadt wins face-off versus Claude Giroux in neutral zone.
0:21 of 2nd period - Icing by Nate Schmidt.
0:22 of 2nd period - Casey Mittelstadt wins face-off versus Alexander Wennberg in VANCOUVER Canucks zone.
0:22 of 2nd period - Nate Schmidt is hit by Martin Frk and loses puck.
0:37 of 2nd period - Shot by Alexander Wennberg.
0:37 of 2nd period - Stopped by Jeremy Swayman without a rebound.
0:38 of 2nd period - Claude Giroux wins face-off versus Jack Eichel in VANCOUVER Canucks zone.
1:23 of 2nd period - Icing by Christian Djoos.
1:24 of 2nd period - Claude Giroux wins face-off versus Janne Kuokkanen in COLORADO Avalanche zone.
2:17 of 2nd period - Off-side.
2:18 of 2nd period - Anze Kopitar wins face-off versus Casey Mittelstadt in neutral zone.
2:35 of 2nd period - Shot by Anze Kopitar.
2:35 of 2nd period - Shot Misses the Net.
2:49 of 2nd period - Shot by Casey Mittelstadt.
2:49 of 2nd period - Shot Misses the Net.
3:25 of 2nd period - Ryan Pulock is hit by Sebastien Reppo and loses puck.
4:10 of 2nd period - Shot by Logan Shaw.
4:10 of 2nd period - Shot Misses the Net.
4:12 of 2nd period - Shot by Logan Shaw.
4:12 of 2nd period - Stopped by Braden Holtby without a rebound.
4:13 of 2nd period - Alexander Wennberg wins face-off versus Tyler Angle in COLORADO Avalanche zone.
4:39 of 2nd period - Shot by Artemi Panarin.
4:39 of 2nd period - Shot Misses the Net.
5:16 of 2nd period - Mattias Ekholm is hit by Mark Pysyk and loses puck.
5:43 of 2nd period - Shot by Janne Kuokkanen.
5:43 of 2nd period - Shot Misses the Net.
5:45 of 2nd period - Shot by Janne Kuokkanen.
5:45 of 2nd period - Shot Misses the Net.
5:49 of 2nd period - Shot by Devin Shore.
5:49 of 2nd period - Shot Hit the Post.
5:53 of 2nd period - Shot by Devin Shore.
5:53 of 2nd period - Shot Misses the Net.
6:23 of 2nd period - Shot by Matt Duchene.
6:23 of 2nd period - Stopped by Braden Holtby without a rebound.
6:24 of 2nd period - Casey Mittelstadt wins face-off versus Anze Kopitar in COLORADO Avalanche zone.
6:33 of 2nd period - Shot by Casey Mittelstadt.
6:33 of 2nd period - Shot Misses the Net.
6:47 of 2nd period - Shot by Maxime Comtois.
6:47 of 2nd period - Stopped by Jeremy Swayman without a rebound.
6:48 of 2nd period - Jack Eichel wins face-off versus Artemi Panarin in VANCOUVER Canucks zone.
6:50 of 2nd period - Icing by Matt Duchene.
6:51 of 2nd period - Alexander Wennberg wins face-off versus Jack Eichel in VANCOUVER Canucks zone.
7:31 of 2nd period - Shot by Alexander Wennberg.
7:31 of 2nd period - Stopped by Jeremy Swayman without a rebound.
7:32 of 2nd period - Philip Tomasino wins face-off versus Casey Mittelstadt in VANCOUVER Canucks zone.
7:35 of 2nd period - Shot by Johnny Gaudreau.
7:35 of 2nd period - Shot Blocked by Travis Hamonic.
7:39 of 2nd period - Shot by Johnny Gaudreau.
7:39 of 2nd period - Shot Misses the Net.
8:06 of 2nd period - Off-side.
8:07 of 2nd period - Michael Rasmussen wins face-off versus Anze Kopitar in neutral zone.
8:12 of 2nd period - Shot by Devin Shore.
8:12 of 2nd period - Shot Misses the Net.
8:14 of 2nd period - Shot by Mattias Ekholm.
8:14 of 2nd period - Shot Blocked by Oliver Kylington.
8:16 of 2nd period - Shot by Janne Kuokkanen.
8:16 of 2nd period - Shot Misses the Net.
8:18 of 2nd period - Shot by Devin Shore.
8:18 of 2nd period - Stopped by Braden Holtby without a rebound.
8:19 of 2nd period - Jack Eichel wins face-off versus Alexander Wennberg in COLORADO Avalanche zone.
8:54 of 2nd period - Shot by Vladimir Tarasenko.
8:54 of 2nd period - Stopped by Braden Holtby without a rebound.
8:55 of 2nd period - Claude Giroux wins face-off versus Casey Mittelstadt in COLORADO Avalanche zone.
9:20 of 2nd period - Icing by Nate Schmidt.
9:21 of 2nd period - Casey Mittelstadt wins face-off versus Anze Kopitar in VANCOUVER Canucks zone.
9:28 of 2nd period - Shot by Joel Eriksson EK.
9:28 of 2nd period - Shot Blocked by Mark Pysyk.
9:32 of 2nd period - Shot by Ryan Dzingel.
9:32 of 2nd period - Shot Misses the Net.
10:02 of 2nd period - Shot by Jack Eichel.
10:02 of 2nd period - Stopped by Braden Holtby with a rebound.
10:32 of 2nd period - Shot by Jack Eichel.
10:32 of 2nd period - Goal by Jack Eichel - VANCOUVER Canucks : 2 - COLORADO Avalanche : 3.
10:33 of 2nd period - Michael Rasmussen wins face-off versus Claude Giroux in neutral zone.
10:54 of 2nd period - Shot by Janne Kuokkanen.
10:54 of 2nd period - Stopped by Braden Holtby with a rebound.
10:56 of 2nd period - Shot by Janne Kuokkanen.
10:56 of 2nd period - Shot Misses the Net.
10:58 of 2nd period - Shot by Ben Chiarot.
10:58 of 2nd period - Stopped by Braden Holtby without a rebound.
10:59 of 2nd period - Alexander Wennberg wins face-off versus Tyler Angle in COLORADO Avalanche zone.
11:23 of 2nd period - Off-side.
11:24 of 2nd period - Claude Giroux wins face-off versus Jack Eichel in neutral zone.
11:33 of 2nd period - Shot by Anthony Mantha.
11:33 of 2nd period - Shot Misses the Net.
13:20 of 2nd period - Shot by Ryan Dzingel.
13:20 of 2nd period - Shot Blocked by Anze Kopitar.
13:25 of 2nd period - Icing by Noah Dobson.
13:26 of 2nd period - Anze Kopitar wins face-off versus Michael Rasmussen in COLORADO Avalanche zone.
13:26 of 2nd period - Anze Kopitar is hit by Michael Rasmussen.
13:39 of 2nd period - Ben Chiarot is hit by Brenden Dillon and loses puck.
13:42 of 2nd period - Shot by Ryan Pulock.
13:42 of 2nd period - Stopped by Braden Holtby without a rebound.
13:43 of 2nd period - Tyler Angle wins face-off versus Claude Giroux in COLORADO Avalanche zone.
13:57 of 2nd period - Shot by Johnny Gaudreau.
13:57 of 2nd period - Stopped by Jeremy Swayman with a rebound.
13:59 of 2nd period - Shot by Anthony Mantha.
13:59 of 2nd period - Stopped by Jeremy Swayman without a rebound.
14:00 of 2nd period - Alexander Wennberg wins face-off versus Michael Rasmussen in VANCOUVER Canucks zone.
14:04 of 2nd period - Icing by Travis Hamonic.
14:05 of 2nd period - Claude Giroux wins face-off versus Michael Rasmussen in VANCOUVER Canucks zone.
14:05 of 2nd period - Anthony Mantha is hit by Nate Schmidt.
14:17 of 2nd period - Nate Schmidt is hit by Johnny Gaudreau and loses puck.
14:34 of 2nd period - Icing by Michael Rasmussen.
14:35 of 2nd period - Michael Rasmussen wins face-off versus Alexander Wennberg in VANCOUVER Canucks zone.
14:55 of 2nd period - Shot by Artemi Panarin.
14:55 of 2nd period - Shot Misses the Net.
14:57 of 2nd period - Shot by Martin Frk.
14:57 of 2nd period - Stopped by Jeremy Swayman without a rebound.
14:58 of 2nd period - Jack Eichel wins face-off versus Claude Giroux in VANCOUVER Canucks zone.
15:02 of 2nd period - Icing by Matt Duchene.
15:03 of 2nd period - Jack Eichel wins face-off versus Claude Giroux in VANCOUVER Canucks zone.
15:12 of 2nd period - Shot by Jack Eichel.
15:12 of 2nd period - Shot Misses the Net.
15:14 of 2nd period - Shot by Ben Chiarot.
15:14 of 2nd period - Goal by Ben Chiarot - VANCOUVER Canucks : 3 - COLORADO Avalanche : 3.
15:15 of 2nd period - Alexander Wennberg wins face-off versus Casey Mittelstadt in neutral zone.
15:18 of 2nd period - Joel Eriksson EK is hit by Alexander Wennberg and loses puck.
15:40 of 2nd period - Joel Eriksson EK is hit by Artemi Panarin and loses puck.
16:14 of 2nd period - Icing by Mattias Ekholm.
16:15 of 2nd period - Claude Giroux wins face-off versus Casey Mittelstadt in VANCOUVER Canucks zone.
16:55 of 2nd period - Shot by Vladimir Tarasenko.
16:55 of 2nd period - Shot Blocked by Christian Djoos.
16:57 of 2nd period - Shot by Travis Hamonic.
16:57 of 2nd period - Stopped by Braden Holtby without a rebound.
16:58 of 2nd period - Anze Kopitar wins face-off versus Michael Rasmussen in COLORADO Avalanche zone.
16:58 of 2nd period - Anze Kopitar is hit by Michael Rasmussen.
17:11 of 2nd period - Icing by Devin Shore.
17:12 of 2nd period - Michael Rasmussen wins face-off versus Alexander Wennberg in VANCOUVER Canucks zone.
17:12 of 2nd period - Michael Rasmussen is hit by Artemi Panarin.
17:30 of 2nd period - Shot by Devin Shore.
17:30 of 2nd period - Deflect By Janne Kuokkanen.
17:30 of 2nd period - Stopped by Braden Holtby without a rebound.
17:31 of 2nd period - Jack Eichel wins face-off versus Philip Tomasino in COLORADO Avalanche zone.
17:36 of 2nd period - Shot by Matt Duchene.
17:36 of 2nd period - Shot Misses the Net.
17:38 of 2nd period - Shot by Matt Duchene.
17:38 of 2nd period - Deflect By Jack Eichel.
17:38 of 2nd period - Shot Blocked by Jeff Petry .
18:26 of 2nd period - Off-side.
18:27 of 2nd period - Casey Mittelstadt wins face-off versus Artemi Panarin in neutral zone.
18:29 of 2nd period - Joel Eriksson EK is hit by Mark Pysyk and loses puck.
18:56 of 2nd period - Shot by Martin Frk.
18:56 of 2nd period - Stopped by Jeremy Swayman without a rebound.
18:57 of 2nd period - Sebastien Reppo wins face-off versus Tyler Angle in VANCOUVER Canucks zone.
19:12 of 2nd period - Shot by Anze Kopitar.
19:12 of 2nd period - Shot Misses the Net.
19:14 of 2nd period - Shot by Anze Kopitar.
19:14 of 2nd period - Shot Misses the Net.
19:16 of 2nd period - Shot by Sebastien Reppo.
19:16 of 2nd period - Shot Misses the Net.
19:18 of 2nd period - Shot by Maxime Comtois.
19:18 of 2nd period - Deflect By Anze Kopitar.
19:18 of 2nd period - Stopped by Jeremy Swayman with a rebound.
19:24 of 2nd period - Shot by Anze Kopitar.
19:24 of 2nd period - Stopped by Jeremy Swayman with a rebound.
19:26 of 2nd period - Shot by Anze Kopitar.
19:26 of 2nd period - Shot Misses the Net.
19:36 of 2nd period - Shot by Maxime Comtois.
19:36 of 2nd period - Shot Blocked by Tomas Nosek.
19:38 of 2nd period - Shot by Anze Kopitar.
19:38 of 2nd period - Stopped by Jeremy Swayman without a rebound.
19:39 of 2nd period - Claude Giroux wins face-off versus Matt Duchene in VANCOUVER Canucks zone.
19:52 of 2nd period - Shot by Anthony Mantha.
19:52 of 2nd period - Shot Blocked by Travis Hamonic.
Goals for this period are 2 for VANCOUVER Canucks vs 0 for COLORADO Avalanche .
Shots for this period are 12 for VANCOUVER Canucks vs 10 for COLORADO Avalanche .

3rd period


0:01 of 3rd period - Claude Giroux wins face-off versus Jack Eichel in neutral zone.
1:10 of 3rd period - Shot by Alexander Wennberg.
1:10 of 3rd period - Stopped by Jeremy Swayman without a rebound.
1:11 of 3rd period - Anze Kopitar wins face-off versus Michael Rasmussen in VANCOUVER Canucks zone.
1:35 of 3rd period - Shot by Anze Kopitar.
1:35 of 3rd period - Stopped by Jeremy Swayman without a rebound.
1:36 of 3rd period - Casey Mittelstadt wins face-off versus Alexander Wennberg in VANCOUVER Canucks zone.
1:36 of 3rd period - Casey Mittelstadt is hit by Artemi Panarin.
1:43 of 3rd period - Off-side.
1:44 of 3rd period - Jack Eichel wins face-off versus Martin Frk in neutral zone.
1:49 of 3rd period - Shot by Matt Duchene.
1:49 of 3rd period - Stopped by Braden Holtby with a rebound.
2:05 of 3rd period - Jack Eichel is hit by Mark Pysyk and loses puck.
2:22 of 3rd period - Shot by Vladimir Tarasenko.
2:22 of 3rd period - Stopped by Braden Holtby without a rebound.
2:23 of 3rd period - Claude Giroux wins face-off versus Casey Mittelstadt in COLORADO Avalanche zone.
2:23 of 3rd period - Claude Giroux is hit by Joel Eriksson EK.
2:49 of 3rd period - Icing by Ryan Pulock.
2:50 of 3rd period - Anze Kopitar wins face-off versus Casey Mittelstadt in VANCOUVER Canucks zone.
3:04 of 3rd period - Double Minor Penalty to Brenden Dillon for Slashing.
3:05 of 3rd period - Johnny Gaudreau wins face-off versus Jack Eichel in COLORADO Avalanche zone.
3:46 of 3rd period - Claude Giroux is hit by Matt Duchene and loses puck.
4:11 of 3rd period - Shot by Ben Chiarot.
4:11 of 3rd period - Shot Blocked by Oliver Kylington.
4:13 of 3rd period - Shot by Ryan Pulock.
4:13 of 3rd period - Stopped by Braden Holtby without a rebound.
4:14 of 3rd period - Casey Mittelstadt wins face-off versus Artemi Panarin in COLORADO Avalanche zone.
5:25 of 3rd period - Shot by Jack Eichel.
5:25 of 3rd period - Shot Blocked by Mark Pysyk.
6:01 of 3rd period - Shot by Joel Eriksson EK.
6:01 of 3rd period - Stopped by Braden Holtby without a rebound.
6:02 of 3rd period - Johnny Gaudreau wins face-off versus Jack Eichel in COLORADO Avalanche zone.
6:11 of 3rd period - Shot by Travis Hamonic.
6:11 of 3rd period - Stopped by Braden Holtby without a rebound.
6:12 of 3rd period - Vladimir Tarasenko wins face-off versus Johnny Gaudreau in COLORADO Avalanche zone.
6:19 of 3rd period - Shot by Travis Hamonic.
6:19 of 3rd period - Stopped by Braden Holtby without a rebound.
6:20 of 3rd period - Casey Mittelstadt wins face-off versus Johnny Gaudreau in COLORADO Avalanche zone.
6:28 of 3rd period - Icing by Joel Eriksson EK.
6:29 of 3rd period - Casey Mittelstadt wins face-off versus Johnny Gaudreau in VANCOUVER Canucks zone.
6:29 of 3rd period - Casey Mittelstadt is hit by Johnny Gaudreau.
7:39 of 3rd period - Shot by Artemi Panarin.
7:39 of 3rd period - Stopped by Jeremy Swayman without a rebound.
7:40 of 3rd period - Anze Kopitar wins face-off versus Michael Rasmussen in VANCOUVER Canucks zone.
7:41 of 3rd period - Shot by Noah Dobson.
7:41 of 3rd period - Shot Misses the Net.
7:44 of 3rd period - Icing by Tobias Bjornfot.
7:45 of 3rd period - Michael Rasmussen wins face-off versus Anze Kopitar in VANCOUVER Canucks zone.
7:45 of 3rd period - Michael Rasmussen is hit by Sebastien Reppo.
7:57 of 3rd period - Shot by Michael Rasmussen.
7:57 of 3rd period - Deflect By Janne Kuokkanen.
7:57 of 3rd period - Stopped by Braden Holtby without a rebound.
7:58 of 3rd period - Alexander Wennberg wins face-off versus Jack Eichel in COLORADO Avalanche zone.
7:58 of 3rd period - Alexander Wennberg is hit by Vladimir Tarasenko.
9:04 of 3rd period - Shot by Johnny Gaudreau.
9:04 of 3rd period - Stopped by Jeremy Swayman with a rebound.
9:06 of 3rd period - Shot by Mark Pysyk.
9:06 of 3rd period - Stopped by Jeremy Swayman without a rebound.
9:07 of 3rd period - Claude Giroux wins face-off versus Michael Rasmussen in VANCOUVER Canucks zone.
9:20 of 3rd period - Shot by Mark Pysyk.
9:20 of 3rd period - Stopped by Jeremy Swayman without a rebound.
9:21 of 3rd period - Casey Mittelstadt wins face-off versus Anze Kopitar in VANCOUVER Canucks zone.
9:41 of 3rd period - Noah Dobson is hit by Ryan Pulock and loses puck.
9:53 of 3rd period - Anze Kopitar is hit by Ryan Pulock.
9:58 of 3rd period - Icing by Ben Chiarot.
9:59 of 3rd period - Claude Giroux wins face-off versus Casey Mittelstadt in VANCOUVER Canucks zone.
10:31 of 3rd period - Icing by Ryan Pulock.
10:32 of 3rd period - Casey Mittelstadt wins face-off versus Alexander Wennberg in VANCOUVER Canucks zone.
11:16 of 3rd period - Shot by Jack Eichel.
11:16 of 3rd period - Shot Misses the Net.
11:18 of 3rd period - Shot by Jack Eichel.
11:18 of 3rd period - Shot Blocked by Christian Djoos.
11:36 of 3rd period - Shot by Devin Shore.
11:36 of 3rd period - Shot Misses the Net.
11:42 of 3rd period - Shot by Janne Kuokkanen.
11:42 of 3rd period - Shot Blocked by Christian Djoos.
11:44 of 3rd period - Shot by Janne Kuokkanen.
11:44 of 3rd period - Stopped by Braden Holtby without a rebound.
11:45 of 3rd period - Tyler Angle wins face-off versus Claude Giroux in COLORADO Avalanche zone.
11:46 of 3rd period - Shot by Tomas Nosek.
11:46 of 3rd period - Stopped by Braden Holtby without a rebound.
11:47 of 3rd period - Johnny Gaudreau wins face-off versus Michael Rasmussen in COLORADO Avalanche zone.
12:37 of 3rd period - Icing by Johnny Gaudreau.
12:38 of 3rd period - Claude Giroux wins face-off versus Jack Eichel in COLORADO Avalanche zone.
13:33 of 3rd period - Shot by Sebastien Reppo.
13:33 of 3rd period - Stopped by Jeremy Swayman without a rebound.
13:34 of 3rd period - Casey Mittelstadt wins face-off versus Alexander Wennberg in VANCOUVER Canucks zone.
13:45 of 3rd period - Shot by Ryan Dzingel.
13:45 of 3rd period - Goal by Ryan Dzingel - VANCOUVER Canucks : 4 - COLORADO Avalanche : 3.
13:46 of 3rd period - Tyler Angle wins face-off versus Philip Tomasino in neutral zone.
14:40 of 3rd period - Minor Penalty to Joel Eriksson EK for Tripping.
14:41 of 3rd period - Alexander Wennberg wins face-off versus Janne Kuokkanen in VANCOUVER Canucks zone.
14:58 of 3rd period - Shot by Oliver Kylington.
14:58 of 3rd period - Deflect By Alexander Wennberg.
14:58 of 3rd period - Stopped by Jeremy Swayman without a rebound.
14:59 of 3rd period - Tomas Nosek wins face-off versus Claude Giroux in VANCOUVER Canucks zone.
15:35 of 3rd period - Mark Pysyk is hit by Ben Chiarot and loses puck.
16:16 of 3rd period - Shot by Alexander Wennberg.
16:16 of 3rd period - Stopped by Jeremy Swayman with a rebound.
16:18 of 3rd period - Shot by Jeff Petry .
16:18 of 3rd period - Shot Misses the Net.
16:20 of 3rd period - Shot by Alexander Wennberg.
16:20 of 3rd period - Stopped by Jeremy Swayman without a rebound.
16:21 of 3rd period - Michael Rasmussen wins face-off versus Alexander Wennberg in VANCOUVER Canucks zone.
16:43 of 3rd period - Shot by Mattias Ekholm.
16:43 of 3rd period - Shot Blocked by Brenden Dillon.
17:04 of 3rd period - Shot by Joel Eriksson EK.
17:04 of 3rd period - Shot Misses the Net.
17:16 of 3rd period - Shot by Joel Eriksson EK.
17:16 of 3rd period - Deflect By Casey Mittelstadt.
17:16 of 3rd period - Shot Misses the Net.
17:36 of 3rd period - Maxime Comtois is hit by Joel Eriksson EK and loses puck.
17:56 of 3rd period - Icing by Anze Kopitar.
17:57 of 3rd period - Anze Kopitar wins face-off versus Michael Rasmussen in COLORADO Avalanche zone.
18:08 of 3rd period - Icing by Ben Chiarot.
18:09 of 3rd period - Michael Rasmussen wins face-off versus Claude Giroux in VANCOUVER Canucks zone.
18:09 of 3rd period - Michael Rasmussen is hit by Anthony Mantha.
18:15 of 3rd period - Shot by Anthony Mantha.
18:15 of 3rd period - Shot Misses the Net.
18:21 of 3rd period - Shot by Johnny Gaudreau.
18:21 of 3rd period - Stopped by Jeremy Swayman without a rebound.
18:22 of 3rd period - Alexander Wennberg wins face-off versus Jack Eichel in VANCOUVER Canucks zone.
18:31 of 3rd period - Off-side.
18:32 of 3rd period - Claude Giroux wins face-off versus Michael Rasmussen in neutral zone.
18:44 of 3rd period - Icing by Johnny Gaudreau.
18:45 of 3rd period - Johnny Gaudreau wins face-off versus Jack Eichel in COLORADO Avalanche zone.
19:08 of 3rd period - Icing by Christian Djoos.
19:09 of 3rd period - Claude Giroux wins face-off versus Matt Duchene in COLORADO Avalanche zone.
19:22 of 3rd period - Shot by Vladimir Tarasenko.
19:22 of 3rd period - Deflect By Joel Eriksson EK.
19:22 of 3rd period - Shot Misses the Net.
19:24 of 3rd period - Shot by Joel Eriksson EK.
19:24 of 3rd period - Shot Misses the Net.
19:28 of 3rd period - Shot by Nate Schmidt.
19:28 of 3rd period - Stopped by Braden Holtby without a rebound.
19:29 of 3rd period - Claude Giroux wins face-off versus Matt Duchene in COLORADO Avalanche zone.
19:34 of 3rd period - COLORADO Avalanche , Braden Holtby is pulled from the net.
19:38 of 3rd period - Shot by Jeff Petry .
19:38 of 3rd period - Stopped by Jeremy Swayman with a rebound.
19:40 of 3rd period - Shot by Johnny Gaudreau.
19:40 of 3rd period - Stopped by Jeremy Swayman without a rebound.
19:41 of 3rd period - Vladimir Tarasenko wins face-off versus Anthony Mantha in VANCOUVER Canucks zone.
Goals for this period are 1 for VANCOUVER Canucks vs 0 for COLORADO Avalanche .
Shots for this period are 11 for VANCOUVER Canucks vs 13 for COLORADO Avalanche .